 Dungeon Crawl Stone Soup version 0.28-a0-1506-g3893175d92 (webtiles) character file.

Game seed: 5251866396393595122

377 HallandMoats the Skirmisher (level 6, 0/52 HPs)
             Began as a Ghoul Fighter on Jan 14, 2022.
             Was a Believer of Ru.
             Slain by cheechan's ghost (1 damage)
             ... on level 3 of the Dungeon.
             The game lasted 00:04:35 (3310 turns).

HallandMoats the Skirmisher (Ghoul Fighter)         Turns: 3310, Time: 00:04:35

Health: 0/52       AC: 13    Str: 20    XL:     6   Next: 73%
Magic:  7/7        EV:  9    Int:  5    God:    Ru [**....]
Gold:   162        SH:  4    Dex:  8    Spells: 5/5 levels left

rFire   . . .      SeeInvis .   b - +2 dagger (vamp)
rCold   + . .      Faith    .   c - +0 buckler
rNeg    + + +      Spirit   .   g - +0 scale mail
rPois   ∞          Reflect  .   n - +0 helmet
rElec   .          Harm     .   (no cloak)
rCorr   .          Rampage  .   (no gloves)
Will    .....                   i - +0 pair of boots
Stlth   ..........              (no amulet)
HPRegen 0.00/turn               k - +4 ring of protection
MPRegen 0.10/turn               (no ring)

@: inhibited regen
A: claws 1, cold resistance 1, negative energy resistance 3, inhibited
regeneration, torment resistance 2, inability to use devices
a: Renounce Religion


You were on level 3 of the Dungeon.
You worshipped Ru.
Ru was pleased with you.
You visited 1 branch of the dungeon, and saw 3 of its levels.

You collected 162 gold pieces.

Inventory:

Hand Weapons
 a - a +0 long sword
 b - a +2 vampiric dagger (weapon)
 s - a +2 short sword of venom
Armour
 c - a +0 buckler (worn)
 g - a +0 scale mail (worn)
 i - a +0 pair of boots (worn)
 n - a +0 helmet (worn)
Jewellery
 e - an amulet of magic regeneration
 k - a +4 ring of protection (left claw)
 p - an amulet of reflection
 t - a +6 ring of dexterity
Scrolls
 d - a scroll of vulnerability {unknown}
 f - a scroll of fog {unknown}
 h - 2 scrolls of fear {unknown}
 q - a scroll of teleportation {unknown}
 r - a scroll of amnesia {unknown}
Potions
 j - a potion of magic {unknown}
 l - a potion of degeneration {unknown}
 m - a potion of heal wounds {unknown}
 o - a potion of ambrosia {unknown}


   Skills:
 + Level 4.0 Fighting
 + Level 2.7 Long Blades
 + Level 3.3 Armour
 + Level 1.8 Dodging
 * Level 4.0 Shields
 * Level 3.4 Invocations


You had 5 spell levels left.
You didn't know any spells.
Your spell library was empty.

Dungeon Overview and Level Annotations

Branches:
Dungeon (3/15)

Altars:
Ru

Annotations:
D:3 1 runed translucent door, cheechan's ghost, amateur OpEE


Innate Abilities, Weirdness & Mutations

You thrive by killing the living.
You are immune to poison.
You have sharp fingernails.
Your flesh is cold resistant. (rC+)
You are immune to negative energy. (rN+++)
You do not regenerate when monsters are visible.
You are immune to unholy pain and torment.
You cannot study or use magical devices.


Message History

* * * LOW HITPOINT WARNING * * *
Cheechan's ghost burns you.
* * * LOW HITPOINT WARNING * * *
You miss cheechan's ghost.
Cheechan's ghost is heavily damaged.
Cheechan's ghost barely misses you.
You hit cheechan's ghost.
Cheechan's ghost is heavily damaged.
Cheechan's ghost hits you.
* * * LOW HITPOINT WARNING * * *
Cheechan's ghost burns you.
* * * LOW HITPOINT WARNING * * *
You hit cheechan's ghost but do no damage.
Cheechan's ghost is heavily damaged.
You block cheechan's ghost's attack.
You completely miss cheechan's ghost.
Cheechan's ghost is heavily damaged.
Cheechan's ghost casts a spell at you. The blast of sand misses you.
You barely miss cheechan's ghost.
Cheechan's ghost is heavily damaged.
Cheechan's ghost casts a spell at you.
The blast of sand hits you but does no damage.
You barely miss cheechan's ghost.
Cheechan's ghost is heavily damaged.
Cheechan's ghost barely misses you.
You completely miss cheechan's ghost.
Cheechan's ghost is heavily damaged.
Cheechan's ghost begins to cast a spell, but is stunned by your conviction!
You hit cheechan's ghost.
Cheechan's ghost is severely damaged.
Cheechan's ghost stares at you and mumbles some strange words.
The blast of sand hits you but does no damage.
You hit cheechan's ghost.
Cheechan's ghost is almost destroyed.
Cheechan's ghost closely misses you.
You closely miss cheechan's ghost.
Cheechan's ghost is almost destroyed.
Cheechan's ghost hits you.
You die...

#..................#.#
######.#####+###.###.#
..........#≈rw##.# #.#
######.##.#≈≈w##.# #.#
..........#≈≈≈##.# #.#
######.##.#≈≈≈##.# #.#
........#.#≈(w##.# #.#
######..#.#≈≈≈##.# #.#
.# #..#.#≈≈≈##@# #.# .#
#..#.#≈wr##W###.# .#
#..#.#≈≈≈#wrw.#.# .#
#....##'###.#.#.# .#
#.##.#..W...#.#.# .#
#.##.##.......#.# .#
#.##.#####.####.# .##
#.##.......# #.#
..####.#############.###


You could see 2 worms, cheechan's ghost and a rat.

Vanquished Creatures
  2 orc priests (D:3)
  Jessica (D:3)
  Terence (D:2)
  Natasha (thrice) (D:2)
  2 orc wizards (D:3)
  Robin (D:3)
  3 adders (D:2)
  3 worms
  6 dart slugs
  6 orcs (D:3)
  9 ball pythons
  7 bats
  5 endoplasms
  3 giant cockroaches
  10 goblins
  5 hobgoblins
  2 jackals (D:1)
  6 quokkas
  4 frilled lizards
  6 kobolds
  8 rats
93 creatures vanquished.

Vanquished Creatures (others)
  2 fungi (D:2)
  43 plants
45 creatures vanquished.

Grand Total: 138 creatures vanquished

Notes
Turn   | Place    | Note
-------+----------+-------------------------------------------
     0 | D:1      | HallandMoats the Ghoul Fighter began the quest for the Orb.
     0 | D:1      | Reached XP level 1. HP: 19/19 MP: 0/0
   136 | D:1      | Reached XP level 2. HP: 20/26 MP: 1/1
   277 | D:1      | Reached skill level 1 in Invocations
   500 | D:1      | Reached XP level 3. HP: 28/31 MP: 2/2
   926 | D:2      | Found a faded altar of an unknown god.
   951 | D:2      | Prayed at the altar of an unknown god.
   951 | D:2      | Became a worshipper of Ru the Awakened
   957 | D:2      | Noticed Natasha
   974 | D:2      | Killed Natasha
   975 | D:2      | Reached skill level 1 in Dodging
   975 | D:2      | Reached XP level 4. HP: 38/38 MP: 4/4
   975 | D:2      | Gained mutation: You cannot study or use magical devices.
                  | [Ru sacrifice]
   975 | D:2      | Reached * piety under Ru
   975 | D:2      | Reached ** piety under Ru
  1161 | D:2      | Noticed Terence
  1176 | D:2      | Killed Terence
  1300 | D:2      | Noticed Natasha
  1333 | D:2      | Killed Natasha
  1334 | D:2      | Reached XP level 5. HP: 8/46 MP: 5/5
  1925 | D:2      | Noticed Natasha
  1933 | D:2      | Killed Natasha
  2101 | D:3      | Found a runed translucent door.
  2103 | D:3      | Noticed cheechan's ghost (amateur OpEE)
  2147 | D:3      | Found a runed translucent door.
  2302 | D:3      | Noticed Robin
  2319 | D:3      | Killed Robin
  2425 | D:3      | Reached XP level 6. HP: 52/52 MP: 7/7
  2522 | D:3      | Noticed Jessica
  2535 | D:3      | Killed Jessica
  3302 | D:3      | HP: 1/52 [cheechan's ghost (2)]
  3310 | D:3      | Slain by cheechan's ghost

Illustrated notes

Levels and vault maps discovered:
D:1:      lightli_arrival_boilingwater, layout_loops_cross, grunt_decor_fettered
D:2:      minmay_chambers_of_twos, layout_basic,
          dreamdust_ecumenical_altar_grove, kennysheep_generic_room_8,
          uniq_natasha, uniq_terence
D:3:      cheibrodos_pilgrimage, layout_basic, ebering_ghost_sewer_f,
          serial_bayou_lagoon_a, uniq_jessica, uniq_robin

Skill      XL: |  1  2  3  4  5  6 |
---------------+-------------------+-----
Invocations    | 1 2 3 |  3.4
Long Blades    | 2 |  2.7
Shields        | 3 4 |  4.0
Dodging        | 1 |  1.8
Armour         | 3 |  3.3
Fighting       | 4 |  4.0

Action                   |  1- 3 |  4- 6 || total
-------------------------+-------+-------++-------
Melee: Long sword        |    62 |       ||    62
       Dagger            |    52 |   357 ||   409
Invok: Sacrifice Artific |       |     1 ||     1
  Use: Potion            |       |     1 ||     1
 Stab: Distracted        |       |     1 ||     1
Armor: Scale mail        |    53 |   179 ||   232
Dodge: Dodged            |    63 |   115 ||   178
Block: Buckler           |    22 |    51 ||    73

Table legend: (Time is in decaauts)
 A = Elapsed time spent in this place.
 B = Non-inter-level travel time spent in this place.
 C = Inter-level travel time spent in this place.
 D = Time resting spent in this place.
 E = Time spent auto-exploring this place.
 F = Levels seen in this place.
 G = Mean time per level.
                   A        B        C        D        E       F      G
               +--------+--------+--------+--------+--------+-----+--------+
         Total |   3340 |   3317 |     23 |    345 |   2131 |   3 | 1113.3 |
       Dungeon |   3340 |   3317 |     23 |    345 |   2131 |   3 | 1113.3 |
               +--------+--------+--------+--------+--------+-----+--------+

Top non-repeatable levels by time:
     D:3: 1271 daAuts
     D:2: 1229 daAuts
     D:1: 839 daAuts
